 Dungeon Crawl Stone Soup version 0.24.0-123-gd5b16e6ec5 (webtiles) character file.

Game seed: 3055024379907632956, levelgen mode: deterministic

45016 hazymike the Spear-Bearer (level 14, -36/113 HPs)
             Began as a Merfolk Earth Elementalist on Feb 9, 2020.
             Was the Champion of Yredelemnul.
             Killed from afar by Azrael (42 damage)
             ... with damnation
             ... on level 2 of the Orcish Mines.
             The game lasted 04:13:48 (36279 turns).

hazymike the Spear-Bearer (MfEE)                   Turns: 36279, Time: 04:13:49

Health: -36/113    AC: 13    Str: 11    XL:     14   Next: 31%
Magic:  19/23      EV: 16    Int: 16    God:    Yredelemnul [******]
Gold:   1570       SH:  0    Dex: 15    Spells: 13/25 levels left

rFire    . . .     SeeInvis .   a - +0 trident
rCold    . . .     Gourm    .   (no shield)
rNeg     . . .     Faith    .   w - +0 acid dragon scales
rPois    .         Spirit   .   c - +1 helmet
rElec    .         Reflect  .   g - +0 cloak
rCorr    +         Harm     .   l - +2 pair of gloves
MR       +++..                  f - +0 pair of boots
Stlth    ++........             (no amulet)
HPRegen  0.28/turn              D - ring of protection from magic
MPRegen  0.18/turn              H - ring of protection from magic

@: no status effects
A: change form in water, swift swim, stealthy swim
a: Recall Undead Slaves, Injury Mirror, Animate Dead, Drain Life, Enslave Soul,
Renounce Religion


You were on level 2 of the Orcish Mines.
You worshipped Yredelemnul.
Yredelemnul was exalted by your worship.
You were very hungry.

You visited 3 branches of the dungeon, and saw 20 of its levels.
You also visited: Sewer.

You collected 1813 gold pieces.
You spent 243 gold pieces at shops.

Inventory:

Hand Weapons
 a - a +0 trident (weapon)
Missiles
 o - 20 poisoned darts (quivered)
 r - 15 curare-tipped darts
 x - 33 stones
Armour
 c - a +1 helmet (worn)
 f - a +0 pair of boots (worn)
 g - a +0 cloak (worn)
 l - a +2 pair of gloves (worn)
 w - +0 acid dragon scales (worn)
 L - a +1 ring mail of fire resistance
 X - a +0 large shield
Jewellery
 v - an uncursed ring of ice
 y - an uncursed ring of see invisible
 A - an uncursed ring of protection from fire
 D - a ring of protection from magic (left hand)
 E - an uncursed ring of ice
 H - a ring of protection from magic (right hand)
 S - an uncursed ring of flight
 V - a +4 ring of strength
Wands
 B - a wand of paralysis (12)
 J - a wand of scattershot (5)
 M - a wand of polymorph (24)
Scrolls
 b - a scroll of summoning
 p - 11 scrolls of teleportation
 t - 2 scrolls of magic mapping
 z - 4 scrolls of fog
 C - 10 scrolls of remove curse
 G - a scroll of enchant armour
 I - 4 scrolls of fear
 O - 6 scrolls of identify
 P - 3 scrolls of blinking
 R - 2 scrolls of immolation
 U - 2 scrolls of silence
 Y - 2 scrolls of vulnerability
Potions
 e - 3 potions of magic
 h - 5 potions of lignification
 i - 3 potions of haste
 k - 7 potions of curing
 m - 6 potions of flight
 n - 2 potions of cancellation
 q - a potion of brilliance
 s - 4 potions of heal wounds
 u - 4 potions of might
 F - 4 potions of agility
 K - 2 potions of resistance
 N - 2 potions of invisibility
 Q - 2 potions of ambrosia
Comestibles
 d - 17 rations
 j - a chunk of flesh


   Skills:
 + Level 11.5 Fighting
 - Level 14.0 Polearms
 - Level 8.0 Dodging
 - Level 3.0 Stealth
 * Level 7.3 Shields
 - Level 6.0 Spellcasting
 - Level 6.0 Transmutations
 + Level 10.5 Earth Magic
 + Level 11.0 Invocations


You had 13 spell levels left.
You knew the following spells:

 Your Spells              Type           Power        Failure   Level  Hunger
a - Sandblast             Erth           #####.       1%          1    None
b - Passwall              Tmut/Erth      ####....     1%          2    #......
c - Petrify               Tmut/Erth      ####....     7%          4    ####...
d - Lee's Rapid Deconstr  Erth           #####.....   8%          5    ######.

Your spell library contained the following spells:

 Spells                   Type           Power        Failure   Level  Hunger
 Stone Arrow              Conj/Erth      ###...       8%          3    ##.....
 Animate Skeleton         Necr           N/A          22%         1    None
 Apportation              Tloc           #.....       22%         1    None
 Confusing Touch          Hex            #.....       22%         1    None
 Corona                   Hex            #......      22%         1    None
 Summon Small Mammal      Summ           #...         22%         1    None
 Call Imp                 Summ           #.......     32%         2    #......
 Ensorcelled Hibernation  Hex/Ice        #.....       32%         2    #......
 Call Canine Familiar     Summ           #.......     54%         3    ##.....
 Confuse                  Hex            #.......     54%         3    ##.....
 Dazzling Spray           Conj/Hex       #.....       54%         3    ##.....
 Summon Guardian Golem    Hex/Summ       #.......     54%         3    ##.....
 Tukima's Dance           Hex            #.......     54%         3    ##.....
 Summon Ice Beast         Ice/Summ       #.......     91%         4    ####...
 Summon Lightning Spire   Summ/Air       #.......     91%         4    ####...


Dungeon Overview and Level Annotations

Branches:
Dungeon (12/15)            Temple (0/1) D:4            Lair (6/6) D:11
 Shoals (0/4) Lair:3       Spider (0/4) Lair:3        Slime (0/5) Lair:5
    Orc (2/2) D:10            Elf (0/3) Orc:2         Sewer (visited)

Altars:
Ashenzari
Dithmenos
Fedhas
Hepliaklqana
Nemelex Xobeh
Okawaru
Qazlal
Sif Muna
Vehumet
Xom
Yredelemnul
Beogh

Shops:
D:6 *   Orc:1 *   Orc:2 [?

Annotations:
D:1 exclusion: ghoul
Orc:2 Azrael


Message History

The fire elemental hits your troll skeleton.
The fire elemental burns your troll skeleton!
Yredelemnul accepts your kill.
You feel a bit more experienced.
Your orc zombie closely misses the orc warrior.
Your orc skeleton hits the orc warrior with a +0 war axe.
The fire elemental hits your troll skeleton.
The fire elemental burns your troll skeleton!
Your troll skeleton is destroyed!
Your orc warrior skeleton closely misses the fire elemental.
The orc warrior hits your orc skeleton with a +0 scimitar!!
Your orc skeleton is destroyed!
The fire elemental hits your orc zombie.
The fire elemental burns your orc zombie!
Your orc zombie is destroyed!
Your orc zombie hits the fire elemental but does no damage.
Azrael gestures at you.
The sphere of damnation explodes!
The damnation engulfs you!!!
You die...
Your body rises from the dead as a mindless zombie.

##.............#........#...#
#..........)....#..........##
#..#####....................##
..## ##.......#.#..........##
..' #[....................#
..# #...#...........#....##
#.# #[[...........#####.##
#.## ##.............## ###
#.)#####....#...@....Z.#
..))[[....#.##..#.Z)ZZ##
##.[#<.[........###oE##
.#.))#.##......###VER#
###.#######...o..oo○.°. # ###
###...#'###.W. #..##. #..#
#.##.. #.. .. ...


You could see Azrael, a fire elemental, an orc warrior, an orc wizard
(confused), a friendly phantasmal warrior, 2 friendly orc zombies, a friendly
orc warrior zombie and a friendly orc warrior skeleton.

Vanquished Creatures
  3 hydras
  A queen ant (D:8)
  2 two-headed ogres
  An orc high priest (Orc:2)
  Sonja (Orc:1)
  An unseen horror (D:11)
  An orc knight (Orc:2)
  A cyclops (D:7)
  3 ugly things
  A manticore (D:12)
  2 orc sorcerers (Orc:2)
  A gargoyle (D:11)
  3 komodo dragons
  10 spiny frogs
  2 rime drakes
  5 trolls
  A tyrant leech (Lair:5)
  Grinder (D:5)
  A slime creature (D:12)
  A polar bear (Lair:5)
  16 blink frogs
  4 hippogriffs
  2 dream sheep (Lair:4)
  A snapping turtle (Lair:3)
  A spriggan (D:7)
  A wraith (D:11)
  2 basilisks
  16 yaks
  2 vampire mosquitoes (Lair:5)
  Edmund (D:6)
  4 wargs
  4 soldier ants
  2 hell hounds (Orc:2)
  3 water moccasins
  9 porcupines
  An ice beast (D:4)
  12 orc warriors
  5 sky beasts
  3 black bears
  8 ogres
  6 crocodiles
  A big kobold (D:11)
  14 bullfrogs
  A komodo dragon skeleton (Lair:6)
  2 scorpions
  5 wights
  2 howler monkeys (D:11)
  6 crimson imps
  A centaur zombie (D:5)
  A bullfrog zombie (D:12)
  12 hounds
  6 jellies
  12 orc priests
  A bullfrog skeleton (D:12)
  A centaur skeleton (D:9)
  An iguana (D:4)
  13 orc wizards
  18 worker ants
  2 hound skeletons
  Robin (D:2)
  A howler monkey zombie (D:9)
  A gnoll (D:1)
  2 river rats
  A worker ant zombie (D:11)
  21 adders
  7 white imps (Orc:1)
  6 oozes
  An adder zombie (D:5)
  An adder skeleton (D:4)
  3 worms
  2 dart slugs
  4 leopard geckos
  46 orcs
  6 bats
  7 giant cockroaches
  19 goblins
  10 hobgoblins
  10 jackals
  3 quokkas
  6 ball pythons
  12 frilled lizards
  A jackal skeleton (D:5)
  12 kobolds
  A leopard gecko zombie (D:6)
  A quokka skeleton (D:6)
  A quokka zombie (D:6)
  11 rats
  A plant (Lair:6)
442 creatures vanquished.

Vanquished Creatures (collateral kills)
  An ettin (Orc:2)
  3 hydras
  A centaur warrior (D:12)
  An oklob plant (Lair:2)
  An orc sorcerer (Orc:1)
  A cyclops (D:12)
  4 slime creatures (D:12)
  A salamander (shapeshifter) (D:12)
  A black mamba (Lair:6)
  13 spiny frogs
  6 komodo dragons
  5 trolls
  4 tyrant leeches (Lair:6)
  8 blink frogs
  7 hippogriffs
  A meliai zombie (D:10)
  4 dream sheep
  A wraith (D:10)
  20 yaks
  A wyvern (Lair:4)
  4 vampire mosquitoes (Lair:6)
  A warg (Orc:1)
  An acid dragon (D:12)
  A soldier ant (D:9)
  4 water moccasins
  3 porcupines
  2 hell hounds (Orc:2)
  A sky beast (D:9)
  20 orc warriors
  A phantom (D:6)
  6 ogres
  5 crocodiles
  7 bullfrogs
  A scorpion (D:10)
  2 crimson imps
  2 hounds
  A bullfrog zombie (D:12)
  A centaur zombie (D:10)
  4 jellies
  9 orc wizards
  6 orc priests
  An iguana (D:9)
  6 worker ants
  A hound skeleton (D:7)
  4 adders
  A shadow imp (D:10)
  5 white imps (Orc:1)
  6 oozes (Lair:2)
  25 orcs
  A frilled lizard (Sewer)
  2 bushes (Lair:6)
  17 fungi
  27 plants
262 creatures vanquished.

Vanquished Creatures (others)
  2 skeletal warriors (Orc:2)
  A flayed ghost (Orc:2)
  2 phantasmal warriors (Orc:2)
  A hydra zombie (Lair:5)
  An ugly thing zombie (D:10)
  An ettin zombie (Orc:2)
  A black mamba zombie (Lair:6)
  8 flying skulls
  A vampire (Lair:6)
  3 wraiths
  A tyrant leech zombie (Lair:6)
  4 spiny frog zombies
  2 blink frog zombies (Lair:6)
  A vampire mosquito zombie (Lair:6)
  A rime drake zombie (Lair:3)
  3 blink frog skeletons
  A rime drake skeleton (Lair:5)
  A hippogriff zombie (Lair:3)
  A komodo dragon zombie (Lair:1)
  A hell hound zombie (Orc:2)
  3 water moccasin zombies
  5 yak zombies
  A warg skeleton (Orc:1)
  A spriggan zombie (D:7)
  A troll skeleton (Orc:2)
  A wight (Lair:2)
  3 yak skeletons
  2 bullfrog zombies
  A black bear zombie (D:11)
  2 soldier ant zombies (D:9)
  5 bullfrog skeletons
  A black bear skeleton (D:7)
  2 porcupine zombies
  A big kobold zombie (D:11)
  4 crocodile zombies
  2 ogre zombies
  2 sky beast zombies (D:9)
  A hound zombie (D:7)
  2 hound skeletons
  3 worker ant zombies
  26 orc zombies
  A scorpion zombie (D:7)
  2 adder skeletons
  2 adder zombies
  11 orc skeletons
  4 kobold zombies (D:11)
  2 quokka skeletons
  A river rat skeleton (D:4)
  34 fungi
  44 plants
207 creatures vanquished.

Grand Total: 911 creatures vanquished

Notes
Turn   | Place    | Note
-------+----------+-------------------------------------------
     0 | D:1      | hazymike the Merfolk Earth Elementalist began the quest for
                  | the Orb.
     0 | D:1      | Reached XP level 1. HP: 13/13 MP: 3/3
     0 | D:1      | Noticed a centaur
     1 | D:1      | Noticed a ghoul
     3 | D:1      | Noticed a human
     3 | D:1      | Noticed a draconian
     5 | D:1      | Noticed an ogre
     6 | D:1      | Noticed a felid
     7 | D:1      | Noticed a ghoul
     8 | D:1      | Noticed a minotaur
    10 | D:1      | Noticed a dwarf
    10 | D:1      | Noticed a felid
    12 | D:1      | Noticed an ogre
    14 | D:1      | Noticed a felid
    16 | D:1      | Noticed a vampire
    18 | D:1      | Noticed a ghoul
    18 | D:1      | Noticed a ghoul
    50 | D:1      | Reached XP level 2. HP: 20/20 MP: 0/5
   624 | D:1      | Reached skill level 1 in Fighting
   679 | D:1      | Reached XP level 3. HP: 15/26 MP: 6/6
   830 | D:1      | Learned a level 2 spell: Passwall
  1706 | D:2      | Reached XP level 4. HP: 32/32 MP: 3/7
  2019 | D:2      | Reached XP level 5. HP: 38/38 MP: 5/8
  2345 | D:2      | Noticed Robin
  2354 | D:2      | Killed Robin
  3561 | D:2      | Reached XP level 6. HP: 40/46 MP: 6/9
  4156 | D:3      | Found a basalt altar of Yredelemnul.
  4164 | D:3      | Became a worshipper of Yredelemnul the Dark
  4949 | D:3      | Reached * piety under Yredelemnul
  5167 | D:4      | Reached skill level 5 in Dodging
  5173 | D:4      | Found a shattered altar of Ashenzari.
  5225 | D:4      | Reached XP level 7. HP: 49/52 MP: 0/10
  5394 | D:4      | Reached skill level 5 in Earth Magic
  5419 | D:4      | Found a glowing drain.
  5455 | Sewer    | Entered a sewer
  5707 | Sewer    | Learned a level 4 spell: Petrify
  5832 | Sewer    | Reached ** piety under Yredelemnul
  6272 | D:4      | Found a staircase to the Ecumenical Temple.
  6607 | D:4      | Reached skill level 1 in Invocations
  6607 | D:4      | Reached XP level 8. HP: 60/60 MP: 5/11
  6642 | D:5      | Entered Level 5 of the Dungeon
  6704 | D:5      | Found a shadowy altar of Dithmenos.
  6912 | D:5      | Noticed Grinder
  6930 | D:5      | Paralysed by Grinder for 5 turns
  6954 | D:5      | Killed Grinder
  8096 | D:6      | Reached XP level 9. HP: 67/67 MP: 13/13
  8138 | D:6      | Reached skill level 5 in Fighting
  8373 | D:6      | Noticed Edmund
  8411 | D:6      | Killed Edmund
  8540 | D:6      | Found Safudoetusu's Assorted Antiques.
  8587 | D:6      | Bought a potion of heal wounds for 135 gold pieces
  8587 | D:6      | Bought a scroll labeled BAMOMO ULAITE for 27 gold pieces
  8587 | D:6      | Bought a scroll labeled PUTUMA SITOASH for 27 gold pieces
  8587 | D:6      | Bought 2 scrolls labeled TUNEHO OLEISA for 54 gold pieces
  9136 | D:7      | Found a stormy altar of Qazlal.
  9137 | D:7      | Found a shimmering blue altar of Sif Muna.
  9138 | D:7      | Found a radiant altar of Vehumet.
  9141 | D:7      | Found an iron altar of Okawaru.
  9304 | D:7      | Reached *** piety under Yredelemnul
  9337 | D:7      | Noticed a cyclops
  9426 | D:7      | Noticed a troll
  9813 | D:7      | Killed a troll
 10120 | D:7      | Killed a cyclops
 10120 | D:7      | Reached skill level 5 in Invocations
 10120 | D:7      | Reached XP level 10. HP: 50/77 MP: 8/16
 10940 | D:8      | Reached skill level 1 in Polearms
 11033 | D:8      | Found a hazy altar of Hepliaklqana.
 11235 | D:9      | Reached skill level 2 in Polearms
 11247 | D:9      | Noticed a queen ant
 12056 | D:9      | Reached skill level 3 in Polearms
 12073 | D:9      | Noticed a two-headed ogre
 12196 | D:9      | Killed a two-headed ogre
 12196 | D:9      | Reached skill level 5 in Polearms
 12478 | D:9      | Reached skill level 6 in Polearms
 13227 | D:9      | Found a sparkling altar of Nemelex Xobeh.
 13350 | D:9      | Reached skill level 7 in Polearms
 13359 | D:9      | Learned a level 5 spell: Lee's Rapid Deconstruction
 13637 | D:10     | Entered Level 10 of the Dungeon
 13665 | D:10     | Received a gift from Yredelemnul (2 flying skulls)
 13838 | D:10     | Reached XP level 11. HP: 85/85 MP: 17/17
 13930 | D:10     | Found a staircase to the Orcish Mines.
 13937 | D:10     | Got an obsidian-encrusted leather armour
 13985 | D:10     | Reached **** piety under Yredelemnul
 13985 | D:10     | Reached skill level 8 in Polearms
 14007 | D:10     | Identified the cursed +0 leather armour of Cocytus {rC- rN+
                  | Str+5 Dex+3} (You found it on level 10 of the Dungeon)
 14457 | D:11     | Noticed an unseen horror
 14482 | D:11     | Killed an unseen horror
 14482 | D:11     | Reached skill level 5 in Transmutations
 14943 | D:11     | Found a staircase to the Lair.
 15525 | D:10     | Reached skill level 9 in Polearms
 16007 | D:11     | Noticed a red ugly thing
 16039 | D:10     | Killed a red ugly thing
 16572 | D:11     | Noticed a brown ugly thing
 16700 | D:11     | Noticed a green ugly thing
 16918 | D:11     | Killed a purple ugly thing
 17398 | D:10     | Killed a purple ugly thing
 17561 | D:11     | Noticed a two-headed ogre
 17581 | D:11     | Reached skill level 10 in Polearms
 17649 | D:10     | Killed a two-headed ogre
 17891 | D:11     | Received a gift from Yredelemnul (2 flying skulls)
 18090 | Lair:1   | Entered Level 1 of the Lair of Beasts
 18102 | Lair:1   | Noticed a six-headed hydra
 18112 | Lair:1   | Killed a six-headed hydra
 19311 | D:11     | Reached skill level 11 in Polearms
 19828 | Lair:1   | Reached XP level 12. HP: 86/95 MP: 14/18
 21271 | Lair:2   | Received a gift from Yredelemnul (a wight)
 21534 | Lair:2   | Noticed an eight-headed hydra
 21544 | Lair:2   | Killed an eight-headed hydra
 21951 | Lair:3   | Reached skill level 12 in Polearms
 22009 | Lair:3   | Found a hole to the Spider Nest.
 22109 | Lair:3   | Found a shimmering altar of Xom.
 22127 | Lair:3   | Reached skill level 5 in Spellcasting
 22821 | Lair:3   | Found a staircase to the Shoals.
 23676 | Lair:4   | Reached skill level 1 in Shields
 24509 | Lair:4   | Received a gift from Yredelemnul (2 flying skulls)
 25047 | Lair:5   | Noticed a five-headed hydra
 25054 | Lair:5   | Killed a five-headed hydra
 25054 | Lair:5   | Reached skill level 13 in Polearms
 25090 | Lair:5   | Found a staircase to the Slime Pits.
 25617 | Lair:5   | Got a pitted ring mail
 25618 | Lair:5   | Identified the +1 ring mail "Dutoagg" {Int+4} (You found it
                  | on level 5 of the Lair of Beasts)
 25697 | Lair:5   | Noticed a four-headed hydra
 25703 | Lair:5   | Killed a four-headed hydra
 25981 | Lair:6   | Entered Level 6 of the Lair of Beasts
 25988 | Lair:5   | Reached ***** piety under Yredelemnul
 25988 | Lair:5   | Reached XP level 13. HP: 87/103 MP: 21/21
 26090 | Lair:5   | Reached skill level 10 in Fighting
 26783 | Lair:5   | HP: 4/103 [vampire mosquito (6)]
 27129 | Lair:5   | Found a staircase to the Slime Pits.
 27501 | Lair:6   | Received a gift from Yredelemnul (a wraith)
 28439 | Lair:5   | Reached skill level 14 in Polearms
 29421 | Lair:6   | Received a gift from Yredelemnul (a vampire)
 29814 | Lair:6   | Reached skill level 10 in Invocations
 30176 | Lair:6   | Reached skill level 10 in Earth Magic
 30216 | Lair:6   | Received a gift from Yredelemnul (2 flying skulls)
 30752 | Lair:6   | Reached skill level 5 in Shields
 31096 | D:12     | Received a gift from Yredelemnul (a phantasmal warrior)
 32124 | D:12     | Received a gift from Yredelemnul (a wraith)
 32145 | D:12     | Found a blossoming altar of Fedhas.
 32783 | D:10     | Reached XP level 14. HP: 95/113 MP: 21/23
 33092 | Orc:1    | Entered Level 1 of the Orcish Mines
 33117 | Orc:1    | Found a frozen archway.
 33139 | Orc:1    | Received a gift from Yredelemnul (a skeletal warrior)
 33183 | Orc:2    | Entered Level 2 of the Orcish Mines
 33183 | Orc:2    | Found a roughly hewn altar of Beogh.
 33202 | Orc:1    | Noticed Sonja
 33264 | Orc:1    | Killed Sonja
 33283 | Orc:1    | Found Rilioh's General Store.
 33296 | Orc:1    | Reached ****** piety under Yredelemnul
 33330 | Orc:1    | Received a gift from Yredelemnul (a skeletal warrior)
 33995 | Orc:2    | Received a gift from Yredelemnul (a wraith)
 34011 | Orc:2    | Noticed an orc warlord
 34819 | Orc:2    | Received a gift from Yredelemnul (a phantasmal warrior)
 35369 | Orc:2    | Received a gift from Yredelemnul (a flayed ghost)
 35376 | Orc:2    | Found a roughly hewn altar of Beogh.
 35385 | Orc:2    | Found a roughly hewn altar of Beogh.
 35436 | Orc:2    | Found a roughly hewn altar of Beogh.
 35722 | Orc:2    | Found Rink's Antique Armour Boutique.
 35723 | Orc:2    | Found a roughly hewn altar of Beogh.
 35732 | Orc:2    | Found Jeomnu's Antique Weapon Shop.
 35830 | Orc:2    | Found a roughly hewn altar of Beogh.
 35843 | Orc:2    | Received a gift from Yredelemnul (a phantasmal warrior)
 35856 | Orc:2    | Found Minoot's Magic Scroll Shoppe.
 35893 | Orc:2    | Found a staircase to the Elven Halls.
 36264 | Orc:2    | Noticed Azrael
 36271 | Orc:2    | Received a gift from Yredelemnul (a vampire)
 36274 | Orc:2    | HP: 4/113 [Azrael/bolt of fire (41)]
 36279 | Orc:2    | Killed from afar by Azrael

Levels and vault maps discovered:
D:1:      shiori_arrival_whats_in_store_for_you, layout_loops_corners,
          glass_columns_c
D:2:      layout_loops_ring, minmay_snake_closets, uniq_robin
D:3:      layout_rooms, lemuel_round_altar, first_ration
D:4:      layout_loops_ring, minmay_temple_entry_statues, portal_sewer_entry_c,
          nicolae_ashenzari_panopticon
D:5:      layout_loops_ring, nicolae_dithmenos_shadow_blocks, uniq_grinder
D:6:      layout_loops_ring, serial_shops, nicolae_shop_overgrown_old_shop,
          minmay_crystal_water, uniq_edmund
D:7:      layout_loops_ring, chequers_temple_overflow_statue_of_worship,
          the_bakery, corexii_leaking_fountain, okawaru_trees_1
D:8:      layout_basic, nicolae_overflow_crystal_walls
D:9:      layout_loops_ring, nemelex_xobeh_ov_fountains_minmay,
          minmay_another_anthill
D:10:     layout_rooms, david_orc_1_choice
D:11:     layout_roguey, lair_entry_dummy, minmay_the_grid_square_5x5_3x3_mashed
          [minmay_the_grid_square_5x5_six_small,
          minmay_the_grid_square_5x5_three_walls,
          minmay_the_grid_square_5x5_beaten_path,
          minmay_the_grid_square_5x5_shrine2,
          minmay_the_grid_square_5x5_megaprize_hollow,
          minmay_the_grid_square_5x5_c,
          minmay_the_grid_square_5x5_checkered_statues,
          minmay_the_grid_square_5x5_checkered, minmay_the_grid_square_5x5_meh]
D:12:     layout_stronghold, fedhas_altar_4
Lair:1:   layout_gridlike
Lair:2:   lemuel_slime, layout_chaotic_city
Lair:3:   wad_woods_stonehenge, layout_long_grid, minmay_shoals_entry_hut,
          spider_nest_entry_webs
Lair:4:   layout_loops_ring, st_stairs_13, infiniplex_staircase_pool_2
Lair:5:   layout_roguey, slime_dummy
Lair:6:   minmay_lair_end_frog_pond, layout_gridlike
Orc:1:    layout_caves, portal_ice_cave_entry_imps, serial_shops,
          nicolae_shop_stone, uniq_sonja
Orc:2:    grunt_orc_community_town_hall, layout_caves,
          grunt_orc_community_big_house_2, grunt_orc_community_big_house_1,
          grunt_orc_community_house_3, grunt_orc_community_house_1,
          grunt_orc_community_house_3, grunt_orc_community_house_3,
          grunt_orc_community_house_2, basic_altar, uniq_azrael

Skill      XL: |  1  2  3  4  5  6  7  8  9 10 11 12 13 14 |
---------------+-------------------------------------------+-----
Dodging        | 3 4 5 6 8 |  8.0
Fighting       | 1 2 3 4 6 7 9 11 | 11.5
Earth Magic    | 3 4 5 6 7 8 9 10 | 10.5
Stealth        | 3 |  3.0
Transmutations | 2 4 6 |  6.0
Invocations    | 1 2 5 6 8 9 10 11 | 11.0
Spellcasting   | 3 4 5 6 |  6.0
Polearms       | 7 11 13 14 | 14.0
Shields        | 2 5 7 |  7.3

Action                   |  1- 3 |  4- 6 |  7- 9 | 10-12 | 13-15 || total
-------------------------+-------+-------+-------+-------+-------++-------
Melee: Flail             |    81 |    62 |       |       |       ||   143
       Quarterstaff      |       |    90 |   213 |     8 |       ||   311
       Trident           |       |       |       |  1076 |   773 ||  1849
       Tailslap          |       |       |       |       |     1 ||     1
Throw: Stone             |    18 |     3 |       |       |       ||    21
       Boomerang         |       |    20 |    29 |    21 |       ||    70
       Dart              |       |       |       |    90 |    15 ||   105
 Cast: Sandblast         |    10 |    71 |   152 |   203 |   143 ||   579
       Passwall          |       |       |       |     3 |       ||     3
       Lee's Rapid Decon |       |       |       |       |     9 ||     9
       Petrify           |       |       |       |       |     4 ||     4
Invok: Animate Remains   |       |       |    20 |       |       ||    20
       Animate Dead      |       |       |     4 |    61 |    64 ||   129
       Recall Undead Sla |       |       |       |     1 |    12 ||    13
  Use: Scroll            |       |    11 |     2 |    17 |     4 ||    34
       Potion            |       |       |       |     4 |     5 ||     9
 Stab: Sleeping          |       |     6 |    11 |     2 |     3 ||    22
       Distracted        |       |       |     1 |    13 |     9 ||    23
       Petrified         |       |       |       |       |     4 ||     4
  Eat: Chunk             |     3 |    12 |    22 |    35 |    45 ||   117
       Ration            |       |       |     1 |    11 |     4 ||    16
Armor: Robe              |    20 |    24 |    19 |    73 |       ||   136
       Leather armour    |       |    35 |    53 |       |       ||    88
       Ring mail         |       |       |       |   170 |   111 ||   281
       Acid dragon scale |       |       |       |       |    84 ||    84
Dodge: Dodged            |    58 |   176 |   254 |   807 |   455 ||  1750
